 Dungeon Crawl Stone Soup version 0.30-a0-738-g116ff8c4af (webtiles) character file.

Game seed: 18194484590516499112

67 Banto the Poker (level 4, -6/33 HPs)
             Began as a Demonspawn Gladiator on Feb 3, 2023.
             Killed from afar by Terence (10 damage)
             ... with a bolt of light
             ... on level 1 of the Dungeon.
             The game lasted 00:01:29 (1069 turns).

Banto the Poker (Demonspawn Gladiator)              Turns: 1069, Time: 00:01:30

Health: -6/33      AC: 10    Str: 14    XL:     4   Next: 0%
Magic:  4/4        EV:  6    Int: 10    God:
Gold:   45         SH:  0    Dex: 16    Spells: 3/3 levels left

rFire   . . .      SeeInvis .    a - +0 trident
rCold   . . .      Faith    .    (no shield)
rNeg    . . .      Spirit   .    c - +0 chain mail
rPois   .          Reflect  .    (helmet restricted)
rElec   .          Harm     .    (no cloak)
rCorr   .          Rampage  .    (no gloves)
Will    .....                    l - +1 pair of boots Stlth
                                 (no amulet)
HPRegen 0.25/turn                (no ring)
MPRegen 0.09/turn                (no ring)

@: about to teleport
A: horns 1, ignite blood 1, powered by pain 1
a: no special abilities


You were on level 1 of the Dungeon.
You visited 1 branch of the dungeon, and saw 2 of its levels.

You collected 45 gold pieces.

Inventory:

Hand Weapons
 a - a +0 trident (weapon)
Missiles
 d - 3 throwing nets (quivered)
 e - a javelin
Armour
 c - a +0 chain mail (worn)
 l - a +1 pair of boots (worn)
Scrolls
 i - 2 scrolls of identify {unknown}
 m - a scroll of brand weapon {unknown}
Potions
 b - a potion of attraction {unknown}
 f - a potion of degeneration {unknown}
 k - a potion of flight {unknown}


   Skills:
 - Level 2.0 Fighting
 + Level 4.4 Polearms
 - Level 1.7 Throwing
 - Level 2.6 Dodging


You had 3 spell levels left.
You didn't know any spells.
Your spell library contained the following spells:

 Spells                   Type           Power      Damage    Failure   Level
 Freeze                   Ice            0%         1d3       100%        1
 Frozen Ramparts          Ice            0%         1d1       100%        3
 Hailstorm                Conj/Ice       0%         3d3       100%        3


Dungeon Overview and Level Annotations

Branches:
Dungeon (2/15)

Altars:

Annotations:
D:1 Terence


Innate Abilities, Weirdness & Mutations

You have a pair of small horns on your head.
Your demonic aura sometimes causes spilled blood to erupt in flames.
You sometimes gain a little power by taking damage.


Message History

Terence zaps a wand.
The bolt of light hits you!!
Ouch! That really hurt!
You climb upwards.
There is a stone staircase leading down here.
You hit Terence but do no damage.
The endoplasm hits you but does no damage.
Terence zaps a wand.
The bolt of light hits you!
* * * LOW HITPOINT WARNING * * *
It was a potion of curing.
You feel better. The endoplasm freezes you.
You are frozen.
* * * LOW HITPOINT WARNING * * *
Terence shouts, "Now you die!" Terence hits you with a +0 short sword.
* * * LOW HITPOINT WARNING * * *
You feel better. The endoplasm freezes you.
You are frozen.
Terence hits you with a +0 short sword.
You hit Terence.
Terence is lightly wounded.
The endoplasm hits you but does no damage.
Terence hits you but does no damage. Terence closely misses you.
Terence screams, "I want your blood!"
You aren't carrying any items that you can evoke.
Okay, then.
As you read the scroll labelled GIUTEEFODIRI, it crumbles to dust.
Your body is wracked with pain!
* * * LOW HITPOINT WARNING * * *
The endoplasm convulses!
Terence convulses!
It was a scroll of torment.
The endoplasm freezes you.
You are frozen.
* * * LOW HITPOINT WARNING * * *
As you read the scroll labelled TUELOEWIOKK, it crumbles to dust.
You feel strangely unstable.
It was a scroll of teleportation.
The endoplasm hits you but does no damage.
Terence zaps a wand.
The bolt of light hits the endoplasm!!
The endoplasm dies!
The bolt of light hits you!
You die...

###############.#
#......†........#
#.#############.#
#.# #.# #.# #.#
#.# #.# #.#### #.#
#....# #÷# ####.#
#@# #####.# #.#
....#.##########@#
................>#
#.#.#.##########.#
#........# #.#
..)......# #.#
.........# #.#
.#...)...# #.#


You could see Terence.

Vanquished Creatures
  Natasha (D:2)
  2 adders (D:2)
  3 dart slugs (D:1)
  3 bats (D:1)
  2 endoplasms (D:2)
  A giant cockroach (D:1)
  A hobgoblin (D:1)
  2 ball pythons (D:1)
  A frilled lizard (D:1)
  3 goblins
  2 kobolds (D:1)
  A rat (D:1)
22 creatures vanquished.

Vanquished Creatures (others)
  An endoplasm (D:1)
1 creature vanquished.

Grand Total: 23 creatures vanquished

Notes
Turn   | Place    | Note
-------+----------+-------------------------------------------
     0 | D:1      | Banto the Demonspawn Gladiator began the quest for the Orb.
     0 | D:1      | Reached XP level 1. HP: 16/16 MP: 1/1
   132 | D:1      | Reached skill level 3 in Polearms
   301 | D:1      | Gained mutation: You have a pair of small horns on your
                  | head. [demonic ancestry]
   301 | D:1      | Reached XP level 2. HP: 22/22 MP: 2/2
   803 | D:2      | Gained mutation: You sometimes gain a little power by
                  | taking damage. [demonic ancestry]
   803 | D:2      | Reached XP level 3. HP: 17/27 MP: 3/3
   924 | D:2      | Reached skill level 4 in Polearms
   941 | D:2      | Noticed Natasha
   950 | D:2      | Killed Natasha
   951 | D:2      | Gained mutation: Your demonic aura sometimes causes spilled
                  | blood to erupt in flames. [demonic ancestry]
   951 | D:2      | Reached XP level 4. HP: 33/33 MP: 4/4
   976 | D:2      | Noticed Terence
  1061 | D:1      | HP: 1/33 [Terence/bolt of light (10)]
  1069 | D:1      | Killed from afar by Terence

Illustrated notes

Levels and vault maps discovered:
D:1:      lemuel_arrival_hallway, layout_basic, minmay_misc_feat_ornament
D:2:      layout_basic, uniq_terence, uniq_natasha, uniq_robin

Skill      XL: |  1  2  3 |
---------------+----------+-----
Polearms       | 3 4 |  4.4
Fighting       | |  2.0
Throwing       | |  1.7
Dodging        | |  2.6

Action                     |  1- 3 |  4- 6 || total
---------------------------+-------+-------++-------
  Melee: Trident           |    70 |     2 ||    72
         Headbutt          |     9 |       ||     9
    Use: Scroll            |       |     2 ||     2
         Potion            |       |     2 ||     2
 Armour: Ring mail         |    14 |       ||    14
         Chain mail        |    13 |     5 ||    18
  Dodge: Dodged            |    34 |     1 ||    35

Table legend: (Time is in decaauts)
 A = Elapsed time spent in this place.
 B = Non-inter-level travel time spent in this place.
 C = Inter-level travel time spent in this place.
 D = Time resting spent in this place.
 E = Time spent auto-exploring this place.
 F = Levels seen in this place.
 G = Mean time per level.
                   A        B        C        D        E       F      G
               +--------+--------+--------+--------+--------+-----+--------+
         Total |   1079 |    982 |     97 |    127 |    638 |   2 |  539.5 |
       Dungeon |   1079 |    982 |     97 |    127 |    638 |   2 |  539.5 |
               +--------+--------+--------+--------+--------+-----+--------+

Top non-repeatable levels by time:
     D:1: 849 daAuts
     D:2: 229 daAuts
